 Dungeon Crawl Stone Soup version 0.26.0-16-gc1dbca0489 (webtiles) character file.

Game seed: 17872542330606169270

7742 Qrupt the Protected (level 11, -1/91 HPs)
             Began as a Gnoll Wanderer on Jan 21, 2021.
             Was a Plaything of Xom.
             Incinerated by a smoke demon (3 damage)
             ... with a sticky flame
             ... on level 1 of the Lair of Beasts.
             The game lasted 00:35:57 (9843 turns).

Qrupt the Protected (Gnoll Wanderer)                Turns: 9843, Time: 00:35:57

Health: -1/91      AC: 13    Str: 14    XL:     11   Next: 20%
Magic:  16/20      EV: 15    Int: 17    God:    Xom [......]
Gold:   259        SH:  0    Dex: 16    Spells: 22/22 levels left

rFire    + . .     SeeInvis +   N - +4 quarterstaff (chaos)
rCold    + . .     Faith    +   (shield currently unavailable)
rNeg     . . .     Spirit   .   b - +2 scale mail
rPois    +         Reflect  .   L - +1 hat
rElec    +         Harm     .   o - scarf {rC+ rF+}
rCorr    .         Rampage  +   K - +1 pair of gloves {archery}
Will     .....                  A - +0 pair of boots {rampage}
Stlth    ++........             J - amulet of faith
HPRegen  0.25/turn              t - ring of see invisible
MPRegen  0.17/turn              O - ring of poison resistance

@: liquid flames, glowing
A: distributed training, fangs 1, repulsion field 1, thin skeletal structure 1,
clever 1, clumsy 1, deformed body, robust 1, screaming 1, electricity
resistance, weak 1, MP-powered wands, strong nose
a: Renounce Religion


You were on level 1 of the Lair of Beasts.
You worshipped Xom.
You were a very special plaything of Xom.
You visited 3 branches of the dungeon, and saw 10 of its levels.

You collected 408 gold pieces.
You spent 149 gold pieces at shops.

Inventory:

Hand Weapons
 a - a +0 mace
 f - a +2 mace of venom
 M - the +2 mace of Dissatisfaction {antimagic, rN+}
   (You found it on level 6 of the Dungeon)

   It reduces the magical energy of the wielder, and disrupts the spells and
   magical abilities of those hit.
   Natural abilities and divine invocations are not affected.
   It protects you from negative energy.
 N - a +4 quarterstaff of chaos (weapon)
Missiles
 r - 31 poisoned darts
 y - 7 curare-tipped darts (quivered)
Armour
 b - a +2 scale mail (worn)
 o - a scarf of resistance (worn)
 A - a +0 pair of boots of rampaging (worn)
 K - a +1 pair of gloves of archery (worn)
 L - a +1 hat (worn)
Magical Staves
 c - an uncursed staff of poison
 k - an uncursed staff of death
Jewellery
 t - a ring of see invisible (left hand)
 z - an uncursed amulet of regeneration
 B - an uncursed ring of magical power
 J - an amulet of faith (around neck)
 O - a ring of poison resistance (right hand)
Wands
 C - a wand of polymorph (4)
 E - a wand of paralysis (9)
 G - a wand of flame (9)
 H - a wand of iceblast (4)
Scrolls
 d - a scroll of fear
 i - 2 scrolls of identify
 j - 7 scrolls of remove curse
 m - 5 scrolls of teleportation
 n - a scroll of enchant armour {unknown}
 p - 2 scrolls of fog {unknown}
 q - a scroll of noise
 w - 2 scrolls of enchant weapon {unknown}
 I - 3 scrolls of blinking {unknown}
Potions
 g - 3 potions of mutation
 l - a potion of lignification
 s - a potion of brilliance
 u - a potion of degeneration
 v - a potion of flight
 D - a potion of cancellation


   Skills:
 + Level 6.6 Fighting
 + Level 6.0 Short Blades
 + Level 6.0 Long Blades
 + Level 6.6 Axes
 + Level 6.6 Maces & Flails
 + Level 6.0 Polearms
 + Level 6.0 Staves
 + Level 6.0 Slings
 + Level 6.0 Bows
 + Level 6.0 Crossbows
 + Level 6.0 Throwing
 + Level 11.8 Armour
 + Level 6.0 Dodging
 + Level 6.5 Stealth
 + Level 6.0 Shields
 + Level 6.0 Unarmed Combat
 + Level 6.0 Spellcasting
 + Level 5.0 Conjurations
 + Level 5.0 Hexes
 + Level 5.0 Summonings
 + Level 5.0 Necromancy
 + Level 5.0 Translocations
 + Level 5.0 Transmutations
 + Level 5.0 Fire Magic
 + Level 5.0 Ice Magic
 + Level 5.0 Air Magic
 + Level 5.0 Earth Magic
 + Level 5.0 Poison Magic
 + Level 6.6 Invocations
 + Level 6.6 Evocations


You had 22 spell levels left.
You didn't know any spells.
Your spell library contained the following spells:

 Spells                   Type           Power        Failure   Level
 Animate Skeleton         Necr           44%          4%          1
 Beastly Appendage        Tmut           44%          4%          1
 Wereblood                Tmut           22%          8%          2
 Spider Form              Tmut/Pois      11%          14%         3
 Ice Form                 Ice/Tmut       22%          43%         4
 Blade Hands              Tmut           11%          80%         5


Dungeon Overview and Level Annotations

Branches:
Dungeon (8/15)             Temple (1/1) D:6            Lair (1/6) D:8

Altars:
Ashenzari
Cheibriados
Dithmenos
Elyvilon
Fedhas
Hepliaklqana
Kikubaaqudgha
Makhleb
Okawaru
Qazlal
Ru
Sif Muna
Trog
Uskayaw
Vehumet
Wu Jian
Xom
Yredelemnul
Zin
The Shining One

Shops:
D:4 *[

Annotations:
D:7 3 runed translucent doors, kthxbai's ghost, novice GrEE


Innate Abilities, Weirdness & Mutations

Your experience applies equally to all skills.
You have very sharp teeth.
Your uncanny sense of smell can sniff out nearby items.
You are surrounded by a mild repulsion field. (EV +2)
You have a somewhat thin skeletal structure. (Dex +2, Stealth)
Your mind is acute. (Int +2)
You are clumsy. (Dex -2)
Armour fits poorly on your strangely shaped body.
You are robust. (+10% HP)
You occasionally shout uncontrollably at your foes.
You are resistant to electric shocks. (rElec)
You are weak. (Str -2)
You expend magic power (3 MP) to strengthen your wands.


Message History

You are covered in liquid flames!
* * * LOW HITPOINT WARNING * * *
The sixfirhy hits you but does no damage.
The red devil completely misses you. The shadow imp completely misses you.
The shadow imp hits you but does no damage.
The smoke demon completely misses you.
The smoke demon hits you but does no damage.
The smoke demon barely misses you.
Okay, then.
As you read the scroll labelled KEPTOV EME, it crumbles to dust.
You hear a loud clanging noise!
It was a scroll of noise.
You are covered in liquid flames!
* * * LOW HITPOINT WARNING * * *
Your surroundings suddenly seem different.
You are on fire!
Okay, then.
You feel magically purged.
You are covered in liquid flames!
You die...

#'# ...
.....
.....#.
∆...#.....
...#.#..
.. ...( .
?.. .#
#+## #@.#
#.## ### ∆


There were no monsters in sight!

Vanquished Creatures
  2 two-headed ogres
  2 cane toads (Lair:1)
  A rime drake (Lair:1)
  A komodo dragon (Lair:1)
  A queen bee (D:8)
  A vampire (D:7)
  A wyvern (D:8)
  Sigmund (D:4)
  A yak (D:8)
  The ghost of Quickbrownfox the Chiller, an amateur DsIE (D:5)
  2 wargs
  2 water moccasins (D:4)
  4 sky beasts
  A phantom (D:7)
  2 ice beasts
  2 orc warriors
  3 black bears
  An eye of draining (D:8)
  An ogre (D:6)
  2 centaurs (D:8)
  3 big kobolds
  3 bullfrogs
  3 scorpions
  A killer bee (D:8)
  4 wights (D:8)
  A bullfrog zombie (D:8)
  A crimson imp (D:8)
  Crazy Yiuf (D:6)
  A bullfrog skeleton (D:4)
  5 hounds
  6 orc priests
  11 orc wizards
  Ijyb (D:5)
  3 iguanas
  Natasha (D:3)
  5 worker ants
  2 hound skeletons
  8 adders
  7 gnolls
  3 shadow imps
  4 white imps
  2 oozes
  An adder skeleton (D:4)
  A worm (D:3)
  4 dart slugs (D:1)
  6 leopard geckos
  26 orcs
  6 giant cockroaches
  5 goblins
  11 hobgoblins
  10 jackals
  5 quokkas
  4 ball pythons
  4 bats
  4 frilled lizards
  A goblin skeleton (D:8)
  2 hobgoblin zombies (D:8)
  20 kobolds
  3 kobold skeletons (D:8)
  2 kobold zombies (D:8)
  An orc zombie (D:8)
  A quokka skeleton (D:5)
  A quokka zombie (D:6)
  4 rats
230 creatures vanquished.

Vanquished Creatures (collateral kills)
  A hydra (Lair:1)
1 creature vanquished.

Vanquished Creatures (others)
  2 fungi (Lair:1)
2 creatures vanquished.

Grand Total: 233 creatures vanquished

Notes
Turn   | Place    | Note
-------+----------+-------------------------------------------
     0 | D:1      | Reached skill level 10 in Armour
     0 | D:1      | Qrupt the Gnoll Wanderer began the quest for the Orb.
     0 | D:1      | Qrupt set off with the following items: a +0 mace, a +2
                  | scale mail, a potion of curing
     0 | D:1      | Reached XP level 1. HP: 17/17 MP: 1/1
   255 | D:1      | Reached XP level 2. HP: 23/23 MP: 2/2
   375 | D:1      | Reached XP level 3. HP: 28/28 MP: 3/3
   752 | D:2      | Reached skill level 1 in Invocations
   846 | D:2      | Reached skill level 1 in Short Blades
   846 | D:2      | Reached skill level 1 in Long Blades
   846 | D:2      | Reached skill level 1 in Polearms
   846 | D:2      | Reached skill level 1 in Staves
   846 | D:2      | Reached skill level 1 in Slings
   846 | D:2      | Reached skill level 1 in Bows
   846 | D:2      | Reached skill level 1 in Crossbows
   846 | D:2      | Reached skill level 1 in Throwing
   846 | D:2      | Reached skill level 1 in Dodging
   846 | D:2      | Reached skill level 1 in Shields
   846 | D:2      | Reached skill level 1 in Unarmed Combat
   846 | D:2      | Reached skill level 1 in Spellcasting
   866 | D:2      | Found a faded altar of an unknown god.
   873 | D:2      | Reached XP level 4. HP: 27/34 MP: 5/5
  1342 | D:2      | Found a sacrificial altar of Ru.
  1585 | D:3      | Reached skill level 1 in Conjurations
  1585 | D:3      | Reached skill level 1 in Hexes
  1585 | D:3      | Reached skill level 1 in Summonings
  1585 | D:3      | Reached skill level 1 in Necromancy
  1585 | D:3      | Reached skill level 1 in Translocations
  1585 | D:3      | Reached skill level 1 in Transmutations
  1585 | D:3      | Reached skill level 1 in Fire Magic
  1585 | D:3      | Reached skill level 1 in Ice Magic
  1585 | D:3      | Reached skill level 1 in Air Magic
  1585 | D:3      | Reached skill level 1 in Earth Magic
  1585 | D:3      | Reached skill level 1 in Poison Magic
  1920 | D:3      | Found a transporter.
  1929 | D:3      | Noticed a bullfrog
  1933 | D:3      | Found a transporter.
  1968 | D:3      | Found an iron altar of Okawaru.
  1970 | D:3      | Found a stormy altar of Qazlal.
  2031 | D:3      | Noticed Natasha
  2035 | D:3      | Killed Natasha
  2036 | D:3      | Reached XP level 5. HP: 28/40 MP: 5/7
  2455 | D:4      | Reached XP level 6. HP: 47/47 MP: 8/8
  2873 | D:4      | Noticed a sky beast
  2879 | D:4      | Killed a sky beast
  2880 | D:4      | Reached XP level 7. HP: 32/52 MP: 10/10
  3098 | D:4      | Found Kaanoc's Serpentskin Sales.
  3816 | D:4      | Noticed Sigmund
  3831 | D:4      | Killed Sigmund
  3832 | D:4      | Reached XP level 8. HP: 50/60 MP: 12/12
  3992 | D:4      | Found Xauwnagi's Armour Emporium.
  4000 | D:4      | Bought a +0 pair of boots of rampaging for 149 gold pieces
  4144 | D:4      | Found a runed translucent gate.
  4144 | D:4      | Found a runed translucent gate.
  4144 | D:4      | Found a runed translucent gate.
  4145 | D:4      | Noticed Quickbrownfox's ghost (amateur DsIE)
  4477 | D:5      | Entered Level 5 of the Dungeon
  4948 | D:5      | Noticed Ijyb
  4963 | D:5      | Killed Ijyb
  5023 | D:5      | Killed Quickbrownfox's ghost
  5631 | D:6      | Reached skill level 11 in Armour
  5636 | D:6      | Reached XP level 9. HP: 50/66 MP: 14/14
  5675 | D:6      | Found a burning altar of Makhleb.
  5710 | D:6      | Found a radiant altar of Vehumet.
  5720 | D:6      | Found an ancient bone altar of Kikubaaqudgha.
  5740 | D:6      | Identified Kikubaaqudgha's Incunabulum of Darkness
  5773 | D:6      | Found a shimmering blue altar of Sif Muna.
  6103 | D:6      | Found a staircase to the Ecumenical Temple.
  6114 | Temple   | Entered the Ecumenical Temple
  6281 | Temple   | Became a worshipper of Xom the Fickle
  6364 | D:6      | XOM: potion effect (might)
  6441 | D:6      | XOM: silly message
  6524 | D:6      | Found a runed translucent door.
  6525 | D:6      | Noticed Crazy Yiuf
  6527 | D:6      | Got a translucent mace
  6528 | D:6      | Identified the +2 mace of Dissatisfaction {antimagic, rN+}
                  | (You found it on level 6 of the Dungeon)
  6533 | D:6      | Killed Crazy Yiuf
  6610 | D:6      | XOM: silly message
  6632 | D:7      | Noticed a two-headed ogre
  6638 | D:7      | XOM: potion effect (curing)
  6644 | D:7      | Killed a two-headed ogre
  6645 | D:7      | Reached skill level 5 in Fighting
  6645 | D:7      | Reached skill level 5 in Axes
  6645 | D:7      | Reached skill level 5 in Maces & Flails
  6645 | D:7      | Reached skill level 5 in Stealth
  6645 | D:7      | Reached skill level 5 in Evocations
  6722 | D:7      | Reached skill level 5 in Invocations
  6750 | D:7      | Found a runed translucent gate.
  6750 | D:7      | Found a runed translucent gate.
  6750 | D:7      | Noticed kthxbai's ghost (novice GrEE)
  6751 | D:7      | Found a runed translucent gate.
  6751 | D:7      | Noticed a manticore
  6832 | D:7      | XOM: potion effect (berserk rage)
  7134 | D:7      | Found a glowing silver altar of Zin.
  7239 | D:7      | Reached XP level 10. HP: 67/74 MP: 17/17
  7323 | D:7      | XOM: enchant monster (bad)
  7332 | D:7      | Gained mutation: Your mind is acute. (Int +2) [potion of
                  | mutation]
  7332 | D:7      | Gained mutation: You expend magic power (3 MP) to
                  | strengthen your wands. [potion of mutation]
  7332 | D:7      | Gained mutation: You are robust. (+10% HP) [potion of
                  | mutation]
  7644 | D:7      | XOM: summons 2 hostile demons
  7823 | D:7      | XOM: summons 6 hostile demons
  8085 | D:8      | Noticed a two-headed ogre
  8134 | D:8      | Found a staircase to the Lair.
  8137 | D:8      | XOM: potion effect (heal wounds)
  8139 | D:7      | XOM: summons 2 friendly demons
  8149 | D:7      | Reached skill level 5 in Short Blades
  8149 | D:7      | Reached skill level 5 in Long Blades
  8149 | D:7      | Reached skill level 5 in Polearms
  8149 | D:7      | Reached skill level 5 in Staves
  8149 | D:7      | Reached skill level 5 in Slings
  8149 | D:7      | Reached skill level 5 in Bows
  8149 | D:7      | Reached skill level 5 in Crossbows
  8149 | D:7      | Reached skill level 5 in Throwing
  8149 | D:7      | Reached skill level 5 in Dodging
  8149 | D:7      | Reached skill level 5 in Shields
  8149 | D:7      | Reached skill level 5 in Unarmed Combat
  8149 | D:7      | Reached skill level 5 in Spellcasting
  8212 | D:7      | XOM: god gift: 19 gold pieces
  8302 | D:8      | XOM: scenery: create altars
  8307 | D:7      | XOM: polymorph warg -> hound
  8327 | D:8      | XOM: 1-stop teleportation journey
  8329 | D:8      | XOM: divination: detect items
  8338 | D:8      | Found a hazy altar of Hepliaklqana.
  8384 | D:8      | XOM: 6-stop teleportation journey
  8448 | D:8      | XOM: enchant monster (bad)
  8460 | D:8      | XOM: repel stairs
  8469 | D:8      | XOM: confusion (+ monsters)
  8492 | D:8      | Killed a two-headed ogre
  8900 | D:8      | XOM: summons 3 hostile demons
  8959 | D:8      | XOM: enchant monster (good)
  9011 | D:8      | XOM: silly message
  9065 | D:8      | Found a glowing golden altar of the Shining One.
  9265 | Lair:1   | Entered Level 1 of the Lair of Beasts
  9268 | Lair:1   | Noticed a six-headed hydra
  9272 | Lair:1   | XOM: cast spell 'Summon Mana Viper'
  9275 | Lair:1   | Killed a six-headed hydra
  9283 | Lair:1   | Reached XP level 11. HP: 66/91 MP: 10/19
  9383 | Lair:1   | XOM: noise
  9385 | D:8      | XOM: polymorph yak -> queen bee
  9531 | D:8      | XOM: polymorph yak -> yaktaur
  9532 | D:8      | XOM: confusion
  9541 | D:8      | XOM: cast spell 'Dispersal'
  9558 | Lair:1   | XOM: polymorph yak -> ooze
  9565 | Lair:1   | XOM: give mutations
  9565 | Lair:1   | Gained mutation: You are surrounded by a mild repulsion
                  | field. (EV +2) [Xom's mischief]
  9565 | Lair:1   | Gained mutation: Armour fits poorly on your strangely
                  | shaped body. [Xom's mischief]
  9565 | Lair:1   | Gained mutation: You are clumsy. (Dex -2) [Xom's mischief]
  9596 | Lair:1   | XOM: confusion
  9612 | Lair:1   | XOM: summons 6 hostile demons
  9765 | Lair:1   | XOM: give mutations
  9765 | Lair:1   | Gained mutation: You have a somewhat thin skeletal
                  | structure. (Dex +2, Stealth) [Xom's mischief]
  9765 | Lair:1   | Gained mutation: You are resistant to electric shocks.
                  | (rElec) [Xom's mischief]
  9765 | Lair:1   | Gained mutation: You are weak. (Str -2) [Xom's mischief]
  9765 | Lair:1   | Gained mutation: You occasionally shout uncontrollably at
                  | your foes. [Xom's mischief]
  9776 | Lair:1   | XOM: confusion
  9777 | Lair:1   | XOM: enchant monster (bad)
  9791 | Lair:1   | Reached skill level 5 in Conjurations
  9791 | Lair:1   | Reached skill level 5 in Hexes
  9791 | Lair:1   | Reached skill level 5 in Summonings
  9791 | Lair:1   | Reached skill level 5 in Necromancy
  9791 | Lair:1   | Reached skill level 5 in Translocations
  9791 | Lair:1   | Reached skill level 5 in Transmutations
  9791 | Lair:1   | Reached skill level 5 in Fire Magic
  9791 | Lair:1   | Reached skill level 5 in Ice Magic
  9791 | Lair:1   | Reached skill level 5 in Air Magic
  9791 | Lair:1   | Reached skill level 5 in Earth Magic
  9791 | Lair:1   | Reached skill level 5 in Poison Magic
  9837 | Lair:1   | XOM: summons 6 hostile demons
  9838 | Lair:1   | Noticed a sixfirhy
  9841 | Lair:1   | HP: 3/91 [burnt (3)]
  9842 | Lair:1   | HP: 1/91 [burnt (2)]
  9843 | Lair:1   | Incinerated by a smoke demon

Illustrated notes

Levels and vault maps discovered:
D:1:      scummos_arrival_hexagon, layout_basic, serial_park_tiny_pond
D:2:      layout_basic, marbit_many_paths,
          chequers_ecumenical_altar_simple_redux
D:3:      layout_loops_ring, gammafunk_temple_overflow_arena, uniq_natasha
D:4:      minmay_chambers_of_fours, layout_basic, gammafunk_ghost_nasty_kobolds,
          serial_shops, shop, guppyfry_shop_venom, uniq_sigmund
D:5:      layout_rooms, grunt_decor_arrowhead, uniq_ijyb
D:6:      layout_loops_cross, palyth_temple_overflow_mages,
          lightli_temple_of_fire, lemuel_temple_firewalk_b,
          uniq_crazy_yiuf_cottage
D:7:      layout_layer_cave, nicolae_overflow_hidden_temple,
          gammafunk_ghost_split
D:8:      layout_cave_pools, nicolae_tso_besieged_by_evil,
          nicolae_overflow_crystal_walls, erik_lair_orcish_takeover,
          minmay_circle_x
Temple:   eino_wide_crystal_templ
Lair:1:   layout_roguey, nzn_random_ring, grunt_megastairs_1

Skill      XL: |  1  2  3  4  5  6  7  8  9 10 11 |
---------------+----------------------------------+-----
Armour         | 11 | 11.8
Invocations    | 1 2 3 4 5 6 |  6.6
Short Blades   | 1 2 3 4 5 6 |  6.0
Long Blades    | 1 2 3 4 5 6 |  6.0
Polearms       | 1 2 3 4 5 6 |  6.0
Staves         | 1 2 3 4 5 6 |  6.0
Slings         | 1 2 3 4 5 6 |  6.0
Bows           | 1 2 3 4 5 6 |  6.0
Crossbows      | 1 2 3 4 5 6 |  6.0
Throwing       | 1 2 3 4 5 6 |  6.0
Dodging        | 1 2 3 4 5 6 |  6.0
Shields        | 1 2 3 4 5 6 |  6.0
Unarmed Combat | 1 2 3 4 5 6 |  6.0
Spellcasting   | 1 2 3 4 5 6 |  6.0
Conjurations   | 1 2 3 4 5 |  5.0
Hexes          | 1 2 3 4 5 |  5.0
Summonings     | 1 2 3 4 5 |  5.0
Necromancy     | 1 2 3 4 5 |  5.0
Translocations | 1 2 3 4 5 |  5.0
Transmutations | 1 2 3 4 5 |  5.0
Fire Magic     | 1 2 3 4 5 |  5.0
Ice Magic      | 1 2 3 4 5 |  5.0
Air Magic      | 1 2 3 4 5 |  5.0
Earth Magic    | 1 2 3 4 5 |  5.0
Poison Magic   | 1 2 3 4 5 |  5.0
Fighting       | 3 4 5 6 |  6.6
Axes           | 3 4 5 6 |  6.6
Maces & Flails | 3 4 5 6 |  6.6
Evocations     | 3 4 5 6 |  6.6
Stealth        | 3 4 5 6 |  6.5

Action                   |  1- 3 |  4- 6 |  7- 9 | 10-12 || total
-------------------------+-------+-------+-------+-------++-------
Melee: Mace              |    73 |   136 |   239 |       ||   448
       Bite              |     6 |    13 |    29 |    30 ||    78
       Unarmed           |       |       |     8 |       ||     8
       Punch             |       |       |     5 |       ||     5
       Quarterstaff      |       |       |    87 |   256 ||   343
Throw: Dart              |       |       |    16 |     5 ||    21
Evoke: Wand              |       |       |       |     8 ||     8
  Use: Scroll            |       |       |     4 |     8 ||    12
       Potion            |       |       |     3 |     6 ||     9
 Stab: Sleeping          |       |       |     2 |     2 ||     4
       Paralysed         |       |       |     1 |     1 ||     2
       Petrifying        |       |       |       |     2 ||     2
       Confused          |       |       |       |     3 ||     3
Armor: Scale mail        |    52 |    71 |   164 |   166 ||   453
Dodge: Dodged            |    59 |    79 |   186 |   258 ||   582
